 Dungeon Crawl Stone Soup version 0.21.1-1-g345015f (webtiles) character file.

4463 Mirai the Cleaver (level 10, 0/80 HPs)
             Began as a Demonspawn Berserker on Feb 7, 2018.
             Was an Elder of Trog.
             Slain by a troll (12 damage)
             ... on level 8 of the Dungeon.
             The game lasted 00:34:10 (7684 turns).

Mirai the Cleaver (Demonspawn Berserker)            Turns: 7684, Time: 00:34:10

Health: 0/80       AC: 10    Str: 20    XL:     10   Next: 15%
Magic:  10/10      EV: 14    Int:  8    God:    Trog [****..]
Gold:   300        SH:  0    Dex: 14    Spells: 9/9 levels left

rFire    + . .     SeeInvis .   q - +1 war axe
rCold    . . .     Gourm    .   (no shield)
rNeg     . . .     Faith    .   z - +3 leather armour {rPois}
rPois    +         Spirit   .   (helmet restricted)
rElec    .         Reflect  .   (no cloak)
rCorr    .         Harm     .   (no gloves)
MR       ++...                  y - +1 pair of boots
Stlth    +++.......             w - amulet of regeneration
HPRegen  1.63/turn              x - ring of protection from fire
MPRegen  0.12/turn              (no ring)

@: regenerating
A: horns 2, yellow scales 1, nightstalker 1, powered by death 2
a: Berserk, Trog's Hand, Brothers in Arms, Burn Spellbooks, Renounce Religion


You were on level 8 of the Dungeon.
You worshipped Trog.
Trog was greatly pleased with you.
You were not hungry.

You visited 1 branch of the dungeon, and saw 8 of its levels.
You also visited: Ossuary.

You collected 524 gold pieces.
You spent 224 gold pieces at shops.

Inventory:

Hand Weapons
 h - a +0 hand axe
 q - a +1 war axe (weapon)
Missiles
 G - 3 tomahawks of returning (quivered)
Armour
 l - a +0 plate armour
 m - a +0 leather armour
 o - a +0 leather armour
 s - a +0 pair of boots
 y - a +1 pair of boots (worn)
 z - a +3 leather armour of poison resistance (worn)
Jewellery
 k - an uncursed ring of poison resistance
 w - an amulet of regeneration (around neck)
 x - a ring of protection from fire (left hand)
 E - an uncursed ring of fire
Wands
 v - a wand of flame (8)
 C - a wand of polymorph (11)
Scrolls
 a - a scroll of enchant weapon
 d - a scroll of teleportation
 e - 2 scrolls of magic mapping
 f - 7 scrolls of identify
 i - 3 scrolls of remove curse
 p - a scroll of fear
 t - 3 scrolls of enchant armour
Potions
 b - 2 potions of might {unknown}
 g - a potion of heal wounds
 j - 2 potions of lignification
 n - a potion of haste {unknown}
 r - 2 potions of berserk rage {unknown}
 u - a potion of flight {unknown}
 B - 3 potions of agility {unknown}
 D - a potion of ambrosia {unknown}
 H - 2 potions of cancellation
Books
 A - a book of Misfortune

   Spells                             Type                      Level
   a - Confusing Touch                Hexes                        1
   b - Confuse                        Hexes                        3
   c - Gell's Gravitas                Translocation                3
   d - Petrify                        Transmutation/Earth          4
   e - Metabolic Englaciation         Hexes/Ice                    5
   f - Yara's Violent Unravelling     Hexes/Transmutation          5
   Trog disapproves of the use of such an item.
Comestibles
 c - 16 rations


   Skills:
 * Level 8.3 Fighting
 + Level 8.9 Axes
 + Level 5.3 Armour
 * Level 4.8 Dodging
 * Level 4.2 Stealth
 + Level 1.0 Evocations


You had 9 spell levels left.
You didn't know any spells.

Dungeon Overview and Level Annotations

Branches:
Dungeon (8/15)             Temple (0/1) D:6            Lair (0/6) D:8

Altars:
Ashenzari
Hepliaklqana
Kikubaaqudgha
Qazlal
Ru
Trog
Wu Jian
The Shining One

Shops:
D:6 [?([!   D:7 [


Innate Abilities, Weirdness & Mutations

You have a pair of horns on your head.
You are partially covered in yellow scales. (AC +2)
You are slightly more attuned to the shadows.
You regenerate health from kills.


Message History

The troll barely misses you. The troll misses you. The troll claws you.
* * * LOW HITPOINT WARNING * * *
Your skin crawls.
You feel resistant to hostile enchantments.
You feel somewhat more hungry. The troll closely misses you.
The troll barely misses you. The troll claws you.
* * * LOW HITPOINT WARNING * * *
You barely miss the troll.
The troll is heavily wounded.
The troll bites you but does no damage. The troll barely misses you.
The troll claws you but does no damage.
You hit the troll.
The troll is severely wounded.
The troll bites you but does no damage. The troll barely misses you.
The troll claws you.
* * * LOW HITPOINT WARNING * * *
You closely miss the troll. Your headbutt misses the troll.
The troll is heavily wounded.
The troll closely misses you. The troll misses you. The troll claws you!
You die...

........##...# ##.#
...(..).....####.##
...........[..###.##
....>.......[..#..##
..................##
...............#..#
#...........####..#
.##............####.##
...............@..#..#
.............##T.....# ###
...≈.........#####...###.#
≈..≈.≈.≈..≈..# ###.....#
≈≈≈≈≈≈....≈..# #....##
≈≈≈≈≈.≈≈≈≈...# ##.#.##
≈≈≈≈≈≈≈≈≈.)..# #....#
.≈≈≈≈≈≈≈≈....# #...##
≈≈.≈.≈.≈≈;≈...# ##...#


You could see a troll.

Vanquished Creatures
  A two-headed ogre (D:8)
  Pikel (D:7)
  2 hippogriffs
  A spriggan (D:7)
  Eustachio (D:4)
  A hungry ghost (D:8)
  The ghost of tidbits the Firebug, an amateur GnFE (D:4)
  Menkaure (D:7)
  Duvessa (D:7)
  An orc warrior (D:8)
  A sky beast (D:5)
  A phantom (D:7)
  3 ogres
  A black bear (D:5)
  A necrophage (D:8)
  3 slaves (D:7)
  A centaur (D:5)
  A bullfrog (D:8)
  A water moccasin zombie (D:5)
  Dowan (D:7)
  A scorpion (D:5)
  A howler monkey (D:4)
  2 crimson imps
  2 quasits
  A centaur zombie (D:7)
  9 hounds
  9 orc priests
  3 orc wizards (D:8)
  A centaur skeleton (D:4)
  An iguana (D:7)
  4 worker ants
  3 hound zombies (Ossuary)
  4 mummies (Ossuary)
  Robin (D:2)
  6 adders
  3 shadow imps (D:3)
  2 adder skeletons
  3 worms
  2 dart slugs
  3 leopard geckos
  14 orcs
  15 bats
  2 giant cockroaches (D:1)
  17 goblins
  6 hobgoblins
  10 jackals
  5 quokkas
  A ball python (D:3)
  4 frilled lizards
  4 gnoll zombies (Ossuary)
  A goblin zombie (Ossuary)
  2 hobgoblin zombies (Ossuary)
  A jackal zombie (Ossuary)
  9 kobolds
  An orc zombie (Ossuary)
  A quokka skeleton (D:8)
  8 rats
187 creatures vanquished.

Notes
Turn   | Place    | Note
-------+----------+-------------------------------------------
     0 | D:1      | Mirai the Demonspawn Berserker began the quest for the Orb.
     0 | D:1      | Reached XP level 1. HP: 18/18 MP: 1/1
   385 | D:1      | Gained mutation: You have a pair of small horns on your head. [demonic ancestry]
   385 | D:1      | Reached XP level 2. HP: 22/24 MP: 2/2
  1062 | D:2      | Found a bloodstained altar of Trog.
  1084 | D:2      | Reached ** piety under Trog
  1084 | D:2      | Reached XP level 3. HP: 27/29 MP: 3/3
  1282 | D:2      | Noticed Robin
  1296 | D:2      | Gained mutation: You have a pair of horns on your head. [demonic ancestry]
  1296 | D:2      | Reached XP level 4. HP: 22/37 MP: 4/4
  1298 | D:2      | Killed Robin
  2060 | D:3      | Reached *** piety under Trog
  2097 | D:3      | Found a transporter.
  2115 | D:3      | Found a transporter.
  2154 | D:3      | Gained mutation: You are slightly more attuned to the shadows. [demonic ancestry]
  2154 | D:3      | Reached XP level 5. HP: 4/42 MP: 5/5
  2491 | D:3      | Found an ornate altar of the Wu Jian Council.
  2663 | D:3      | Found an ancient bone altar of Kikubaaqudgha.
  3091 | D:4      | Noticed tidbits's ghost (amateur GnFE)
  3103 | D:4      | Killed tidbits's ghost
  3103 | D:4      | Reached skill level 5 in Axes
  3103 | D:4      | Reached skill level 1 in Evocations
  3104 | D:4      | Reached XP level 6. HP: 37/49 MP: 6/6
  3309 | D:4      | Noticed Eustachio
  3369 | D:4      | Killed Eustachio
  3369 | D:4      | Gained mutation: You are partially covered in yellow scales. (AC +2) [demonic ancestry]
  3369 | D:4      | Reached XP level 7. HP: 34/55 MP: 7/7
  3480 | D:4      | Reached skill level 5 in Fighting
  3928 | D:4      | Got an ancient robe
  4219 | D:5      | Entered Level 5 of the Dungeon
  4379 | D:5      | Gained mutation: You regenerate a little health from kills. [demonic ancestry]
  4379 | D:5      | Reached XP level 8. HP: 63/63 MP: 8/8
  4602 | D:5      | Found a shattered altar of Ashenzari.
  4731 | D:5      | Found a sacrificial altar of Ru.
  4755 | D:5      | Received a gift from Trog
  4755 | D:5      | Reached skill level 5 in Armour
  4853 | D:6      | Found Comets's Magic Scroll Emporium.
  4908 | D:6      | Found Ottuor Cael's Armour Shop.
  4928 | D:6      | Bought a +2 leather armour of poison resistance for 224 gold pieces
  4982 | D:6      | Identified the +0 robe of Death Resistance {Str+4} (You found it on level 4 of the Dungeon)
  5036 | D:6      | Found Askyuv's Antique Armour Shop.
  5058 | D:6      | Found Akimmono's Antique Weapon Shop.
  5093 | D:6      | Found Quuham's Distillery.
  5354 | D:6      | Found a staircase to the Ecumenical Temple.
  5415 | D:6      | Found a stormy altar of Qazlal.
  5418 | D:6      | Noticed an air elemental
  5472 | D:6      | Found a glowing golden altar of the Shining One.
  5724 | D:7      | Found a hazy altar of Hepliaklqana.
  5849 | D:7      | Noticed Dowan
  5854 | D:7      | Noticed Duvessa
  5863 | D:7      | Killed Duvessa
  5863 | D:7      | Reached skill level 1 in Stealth
  5865 | D:7      | Killed Dowan
  5948 | D:7      | Found Woclup's Armour Shoppe.
  5979 | D:7      | Noticed a hippogriff
  5990 | D:7      | Killed a hippogriff
  5990 | D:7      | Reached XP level 9. HP: 26/71 MP: 9/9
  6238 | D:7      | Noticed Menkaure
  6246 | D:7      | Killed Menkaure
  6287 | D:7      | Noticed Pikel
  6380 | D:7      | Killed Pikel
  6380 | D:7      | Received a gift from Trog
  6949 | D:8      | Noticed a two-headed ogre
  6956 | D:8      | Killed a two-headed ogre
  7037 | D:8      | Gained mutation: You regenerate health from kills. [demonic ancestry]
  7037 | D:8      | Reached XP level 10. HP: 79/80 MP: 10/10
  7048 | D:8      | Reached **** piety under Trog
  7275 | D:8      | Found a sand-covered staircase.
  7280 | Ossuary  | Entered an ossuary
  7652 | D:8      | Found a staircase to the Lair.
  7684 | D:8      | Slain by a troll

Skill      XL: |  1  2  3  4  5  6  7  8  9 10 |
---------------+-------------------------------+-----
Axes           | 3 4 5 6 7 8 |  8.9
Armour         | 2 3 4 5 |  5.3
Fighting       | 4 5 6 8 |  8.3
Evocations     | 1 |  1.0
Dodging        | 2 4 |  4.8
Stealth        | 1 3 4 |  4.2

Action                   |  1- 3 |  4- 6 |  7- 9 | 10-12 || total
-------------------------+-------+-------+-------+-------++-------
Melee: Hand axe          |    95 |   178 |   117 |       ||   390
       Headbutt          |     9 |    25 |    50 |    23 ||   107
       War axe           |       |       |   117 |   105 ||   222
Invok: Berserk           |     2 |     2 |     7 |     1 ||    12
       Trog's Hand       |       |     1 |       |     1 ||     2
       Burn Spellbooks   |       |       |     2 |       ||     2
Evoke: Wand              |       |    12 |       |       ||    12
  Use: Potion            |       |     6 |       |     1 ||     7
       Scroll            |       |     1 |    13 |     2 ||    16
 Stab: Sleeping          |       |     1 |     6 |     1 ||     8
       Distracted        |       |       |     1 |       ||     1
  Eat: Chunk             |     2 |     5 |    20 |     4 ||    31
       Ration            |       |     1 |       |     1 ||     2
Armor: Animal skin       |     8 |       |       |       ||     8
       Ring mail         |    39 |    73 |    42 |       ||   154
       Leather armour    |       |       |    44 |    66 ||   110
Dodge: Dodged            |    79 |   118 |   180 |   171 ||   548
